 Dungeon Crawl Stone Soup version 0.24-a0-388-gb57f36d6e0 (webtiles) character file.

Game seed: 9462156193815059853

73 Chimkentus the Insei (level 4, 0/29 HPs)
             Began as an Octopode Transmuter on June 4, 2019.
             Slain by Natasha (8 damage)
             ... on level 2 of the Dungeon.
             The game lasted 00:10:03 (1763 turns).

Chimkentus the Insei (Octopode Transmuter)          Turns: 1763, Time: 00:10:04

Health: 0/29       AC:  2    Str: 10    XL:     4   Next: 27%
Magic:  4/7        EV: 20    Int: 15    God:
Gold:   126        SH:  0    Dex: 17    Spells: 2/8 levels left

rFire    . . .     SeeInvis .     - Unarmed
rCold    . . .     Gourm    .   (shield currently unavailable)
rNeg     . . .     Faith    .   (helmet currently unavailable)
rPois    .         Spirit   .   (no amulet)
rElec    .         Reflect  .   g - ring of poison resistance
rCorr    .         Harm     .   (no ring)
MR       .....                  (no ring)
Stlth    ++........             (no ring)
HPRegen  0.09/turn              (no ring)
MPRegen  0.10/turn              (no ring)
                                (no ring)
                                (no ring)

@: spider-form
A: tiny, almost no armour, stealthy swim, (amphibious), 8 rings, (constrict 8)
a: End Transformation


You were on level 2 of the Dungeon.
You were hungry.
You were a venomous arachnid creature.
You visited 1 branch of the dungeon, and saw 2 of its levels.

You collected 126 gold pieces.

Inventory:

Hand Weapons
 b - a +0 dagger
 d - a +0 short sword of electrocution (melded)
 i - a +0 hunting sling
Missiles
 a - 23 arrows
 e - 42 stones (quivered)
Jewellery
 g - a ring of poison resistance (left front leg)
Scrolls
 j - 2 scrolls of remove curse {unknown}
 m - a scroll of fear {unknown}
 n - a scroll of identify {unknown}
Potions
 f - 3 potions of curing {unknown}
 h - 3 potions of heal wounds {unknown}
 k - a potion of might {unknown}
 l - a potion of brilliance {unknown}
Comestibles
 c - 2 rations
 o - 4 chunks of flesh


   Skills:
 * Level 2.0 Fighting
 + Level 0.7 Short Blades
 + Level 2.1 Dodging
 + Level 3.2 Unarmed Combat
 + Level 2.5 Spellcasting
 * Level 3.0 Transmutations


You had 2 spell levels left.
You knew the following spells:

 Your Spells              Type           Power        Failure   Level  Hunger
a - Beastly Appendage     Tmut           ##....       17%         1    #......
b - Sticks to Snakes      Tmut           ##......     24%         2    ###....
c - Spider Form           Tmut/Pois      #.........   56%         3    ###....

Your spell library contained the following spells:

 Spells                   Type           Power        Failure   Level  Hunger
 Ice Form                 Ice/Tmut       #.......     89%         4    #####..
 Blade Hands              Tmut           ##........   95%         5    ######.


Dungeon Overview and Level Annotations

Branches:
Dungeon (2/15)

Altars:

Annotations:
D:2 Natasha, Robin


Innate Abilities, Weirdness & Mutations

You cannot wear most types of armour.
You are very stealthy in the water. (Stealth+)
((You are amphibious.))
You can wear up to eight rings at the same time.
((You can use your tentacles to constrict eight enemies at once.))
((Your skin changes colour to match your surroundings (Stealth+).))
((Your rubbery body absorbs attacks. (AC +1, EV +1)))


Message History

A kobold comes into view. It is wielding a +0 whip.
Found a forked lead wand.
A rat comes into view.
Natasha misses you. The white imp misses you.
You hit Natasha.
Natasha is poisoned.
Natasha is heavily wounded.
Natasha claws you. The white imp hits you. The white imp freezes you.
You hit Natasha.
Natasha is severely wounded.
Natasha misses you.
You hit Natasha.
Natasha is almost dead.
The white imp closely misses you. Natasha claws you.
You hit Natasha.
Natasha looks as sick as possible!
Natasha is almost dead.
The white imp hits you. The white imp freezes you.
* * * LOW HITPOINT WARNING * * *
Natasha growls.
Natasha claws you!
You die...

#.# #.#
#.# #..
..# #.#
#.# #)#
#.# #.#
#.# #.#
#.####
#....#
####.#
#s#
#.h5#
...#K.r
####
###.
.#...
.... ##
.......
....
###....
####
/.. #.#


You could see Natasha, a white imp, a kobold and a rat.

Vanquished Creatures
  2 adders (D:2)
  2 oozes
  4 leopard geckos
  3 ball pythons
  4 bats
  A giant cockroach (D:1)
  7 goblins
  4 hobgoblins
  3 jackals (D:2)
  3 kobolds (D:1)
  4 frilled lizards
  8 rats
45 creatures vanquished.

Notes
Turn   | Place    | Note
-------+----------+-------------------------------------------
     0 | D:1      | Chimkentus the Octopode Transmuter began the quest for the
                  | Orb.
     0 | D:1      | Reached XP level 1. HP: 13/13 MP: 3/3
   140 | D:1      | Reached XP level 2. HP: 17/18 MP: 3/5
   147 | D:1      | Learned a level 2 spell: Sticks to Snakes
   534 | D:1      | Reached XP level 3. HP: 24/24 MP: 4/6
  1428 | D:2      | Reached XP level 4. HP: 24/29 MP: 7/7
  1635 | D:2      | Learned a level 3 spell: Spider Form
  1701 | D:2      | Noticed Robin
  1754 | D:2      | Noticed Natasha
  1763 | D:2      | Slain by Natasha

Levels and vault maps discovered:
D:1:      roderic_octagonal_star, layout_basic, minmay_pentomino_u4
D:2:      layout_loops_ring, chequers_ecumenical_altar_grove, uniq_robin,
          uniq_natasha

Skill      XL: |  1  2  3  4 |
---------------+-------------+-----
Transmutations | 3 |  3.0
Fighting       | 2 |  2.0
Short Blades   | |  0.7
Dodging        | |  2.1
Unarmed Combat | |  3.2
Spellcasting   | |  2.5

Action                   |  1- 3 |  4- 6 || total
-------------------------+-------+-------++-------
Melee: Dagger            |     6 |       ||     6
       Constrict         |    14 |     3 ||    17
       Unarmed           |     4 |     4 ||     8
       Kick              |     4 |       ||     4
       Short sword       |    47 |    10 ||    57
       Tentacles         |     5 |     2 ||     7
       Punch             |     1 |       ||     1
Throw: Stone             |     9 |       ||     9
       Dart              |       |     1 ||     1
 Cast: Beastly Appendage |    21 |     3 ||    24
       Sticks to Snakes  |     3 |     2 ||     5
       Spider Form       |       |     1 ||     1
 Stab: Sleeping          |     7 |     1 ||     8
       Distracted        |     1 |       ||     1
  Eat: Chunk             |     2 |     1 ||     3
Armor: Skin              |     5 |       ||     5
Dodge: Dodged            |    39 |    12 ||    51

Table legend:
 A = Non-vault XP
 B = Vault XP
 C = Vault XP percentage of total XP
 D = Non-vault monster count
 E = Vault monster count
 F = Vault count percentage of total count
                 A         B        C        D         E       F
            +---------+---------+-------+---------+---------+-------
      Total |      89 |      16 |  15.2 |      36 |       9 |  20.0
            +---------+---------+-------+---------+---------+-------
        D:1 |      39 |       6 |  13.3 |      21 |       4 |  16.0
        D:2 |      50 |      10 |  16.7 |      15 |       5 |  25.0
            +---------+---------+-------+---------+---------+-------
